 Dungeon Crawl Stone Soup version 0.28.0-49-g6dfe1f597d (webtiles) character file.

Game seed: 8899582903473630767

65 Exodus22XD the Sneak (level 3, -1/16 HPs)
             Began as a Spriggan Enchanter on May 15, 2022.
             Slain by a worm (10 damage)
             ... on level 2 of the Dungeon.
             The game lasted 00:04:02 (1947 turns).

Exodus22XD the Sneak (Spriggan Enchanter)           Turns: 1947, Time: 00:04:03

Health: -1/16      AC:  2    Str:  4    XL:     3   Next: 92%
Magic:  1/8        EV: 17    Int: 16    God:
Gold:   82         SH:  0    Dex: 17    Spells: 5/7 levels left

rFire   . . .      SeeInvis +   a - +1 dagger
rCold   . . .      Faith    .   (no shield)
rNeg    . . .      Spirit   .   b - +0 robe
rPois   .          Reflect  .   (helmet restricted)
rElec   .          Harm     .   e - scarf {shadows}
rCorr   .          Rampage  .   (gloves unavailable)
Will    .....                   (boots unavailable)
Stlth   ++++......              (no amulet)
HPRegen 0.05/turn               (no ring)
MPRegen 0.11/turn               (no ring)

@: very quick
A: very small, no large weapons, unfitting armour, see invisible, speed 3
a: no special abilities


You were on level 2 of the Dungeon.
You visited 1 branch of the dungeon, and saw 2 of its levels.

You collected 106 gold pieces.
You spent 24 gold pieces at shops.

Inventory:

Hand Weapons
 a - a +1 dagger (weapon)
Armour
 b - a +0 robe (worn)
 e - a scarf of shadows (worn)
Wands
 g - a wand of flame (11)
Scrolls
 f - 2 scrolls of identify
 h - a scroll of teleportation {unknown}
 j - 2 scrolls of enchant armour {unknown}
Potions
 c - a potion of invisibility
 d - 2 potions of curing
 i - a potion of degeneration {unknown}


   Skills:
 - Level 1.1 Short Blades
 - Level 2.6 Dodging
 + Level 7.5 Stealth
 - Level 2.6 Spellcasting
 - Level 3.6 Hexes


You had 5 spell levels left.
You knew the following spells:

 Your Spells              Type           Power      Damage    Failure   Level
a - Ensorcelled Hibernat  Hex/Ice        14%        N/A       14%         2

Your spell library contained the following spells:

 Spells                   Type           Power      Damage    Failure   Level
 Confusing Touch          Hex            13%        N/A       13%         3
 Tukima's Dance           Hex            13%        N/A       13%         3
 Beastly Appendage        Tmut           4%         N/A       19%         1
 Wereblood                Tmut           2%         N/A       28%         2
 Dazzling Flash           Conj/Hex       14%        N/A       28%         3
 Spider Form              Tmut/Pois      2%         N/A       50%         3


Dungeon Overview and Level Annotations

Branches:
Dungeon (2/15)

Altars:

Shops:
D:1 ?


Innate Abilities, Weirdness & Mutations

You are very small and have problems with some larger weapons.
You are too small for most types of armour.
You have supernaturally acute eyesight. (SInv)
You cover ground extremely quickly. (Speed+++)


Message History

Aim: a worm (chance to affect: 50%)
The worm resists with some effort.
The worm closely misses you.
Sorry, you're not good enough to have a special ability.
Casting: Ensorcelled Hibernation (safe; 14% risk of failure)
Confirm with . or Enter, or press ? or * to list all spells.
Aiming: Ensorcelled Hibernation (safe; 14% risk of failure)
Press: ? - help, Shift-Dir - straight line, f/p - worm
Aim: a worm (chance to affect: 50%)
The worm resists with some effort.
The worm closely misses you.
You hit the worm.
The worm is lightly wounded.
You hit the worm.
The worm is lightly wounded.
The worm misses you.
You hit the worm. You punch the worm, but do no damage.
The worm is moderately wounded.
You hit the worm.
The worm is moderately wounded.
The worm barely misses you.
You barely miss the worm.
The worm is moderately wounded.
You hit the worm but do no damage.
The worm is moderately wounded.
The worm barely misses you.
You hit the worm.
The worm is moderately wounded.
The worm bites you!
You hit the worm but do no damage.
The worm is moderately wounded.
You hit the worm but do no damage.
The worm is moderately wounded.
The worm barely misses you.
You hit the worm.
The worm is moderately wounded.
You hit the worm but do no damage.
The worm is moderately wounded.
The worm bites you!
Ouch! That really hurt!
You die...

#### #...<...###
#........
...####.....##
#########
##....##...### #
####.......... .###
####.#####. #######$
.... ..# ........##.
##.# #### #.....#
#.. ....
#########.....#...#
.###
......w@......#.#.#.
...
#########.......#...
#. #....†#.#.#.#. .
#.....#...#.. .
#.....#.#.#.#...
#####...#...##.#
#.#.#.#.....
#.#..†##.###
#.#.#.......


You could see a worm.

Vanquished Creatures
  An adder (D:2)
  4 dart slugs (D:1)
  3 bats (D:1)
  2 endoplasms
  7 giant cockroaches
  4 goblins (D:1)
  5 hobgoblins (D:1)
  2 jackals (D:1)
  8 ball pythons
  2 frilled lizards (D:1)
  4 rats
42 creatures vanquished.

Notes
Turn   | Place    | Note
-------+----------+-------------------------------------------
     0 | D:1      | Exodus22XD the Spriggan Enchanter began the quest for the
                  | Orb.
     0 | D:1      | Reached XP level 1. HP: 9/9 MP: 5/5
   119 | D:1      | Reached skill level 5 in Stealth
   147 | D:1      | Reached XP level 2. HP: 9/13 MP: 6/6
   574 | D:1      | Reached skill level 6 in Stealth
   690 | D:1      | Found Foysmeol's Magic Scroll Boutique.
   695 | D:1      | Bought a scroll of identify for 24 gold pieces
   731 | D:1      | Reached XP level 3. HP: 4/16 MP: 8/8
   739 | D:1      | Learned a level 2 spell: Ensorcelled Hibernation
  1608 | D:1      | Reached skill level 7 in Stealth
  1947 | D:2      | Slain by a worm

Illustrated notes

Levels and vault maps discovered:
D:1:      dpeg_arrival_lava_temple_mockup, layout_loops_ring, serial_shops,
          nicolae_shop_crystal
D:2:      layout_rooms, nicolae_concentric_dashed_squares_mild,
          minmay_misc_feat_rugged

Skill      XL: |  1  2  3 |
---------------+----------+-----
Stealth        | 5 6 7 |  7.5
Short Blades   | |  1.1
Dodging        | |  2.6
Spellcasting   | |  2.6
Hexes          | |  3.6

Action                   || total
-------------------------++-------
Melee: Dagger            ||   149
       Punch             ||     4
 Cast: Ensorcelled Hiber ||     8
  Use: Scroll            ||     1
 Stab: Sleeping          ||    20
       Distracted        ||     1
Armor: Robe              ||    16
Dodge: Dodged            ||   118
